 Seeded DCSS version 0.28.0 (webtiles) character file.

Game seed: 10379525442082979767 (custom seed)

599 hikkokomori the Skirmisher (level 7, -1/59 HPs)
             Began as a Formicid Cinder Acolyte on Feb 16, 2022.
             Was a Believer of Ignis.
             Succumbed to a killer bee's poison
             ... on level 4 of the Dungeon.
             The game lasted 00:08:54 (5121 turns).

hikkokomori the Skirmisher (FoCA)                   Turns: 5121, Time: 00:08:54

Health: -1/59      AC:  2    Str: 18    XL:     7   Next: 68%
Magic:  14/14      EV: 11    Int: 16    God:    Ignis [**....]
Gold:   3          SH:  0    Dex:  6    Spells: 14/16 levels left

rFire   + . .      SeeInvis +   s - +1 spear (vamp)
rCold   . . .      Faith    .   (no shield)
rNeg    . . .      Spirit   .   b - +0 robe
rPois   .          Reflect  .   (helmet unavailable)
rElec   .          Harm     .   (no cloak)
rCorr   .          Rampage  .   (no gloves)
Will    .....                   (no boots)
Stlth   +.........              (no amulet)
HPRegen 0.19/turn               (no ring)
MPRegen 0.14/turn               (no ring)

@: lethally poisoned (-1 -> -27)
A: permanent stasis, dig shafts and tunnels, antennae 3, four strong arms
a: Dig, Shaft Self, Renounce Religion, Fiery Armour, Foxfire Swarm, Rising Flame


You were on level 4 of the Dungeon.
You worshipped Ignis.
Ignis was pleased with you.
You visited 1 branch of the dungeon, and saw 5 of its levels.

You collected 129 gold pieces.
You spent 126 gold pieces at shops.

Inventory:

Hand Weapons
 a - a -1 spear of flaming
 s - a +1 vampiric spear (weapon)
 t - a +0 hunting sling of chaos
Missiles
 h - 68 stones (quivered)
Armour
 b - a +0 robe (worn)
 i - a +0 chain mail
Scrolls
 d - 3 scrolls of fear
 f - a scroll of teleportation
 l - a scroll of magic mapping {unknown}
 m - a scroll of blinking {unknown}
 n - a scroll of torment
 o - a scroll of enchant weapon {unknown}
 q - a scroll of amnesia {unknown}
 r - a scroll of fog {unknown}
Potions
 c - a potion of degeneration {unknown}
 k - a potion of brilliance
 p - a potion of attraction


   Skills:
 + Level 6.8 Fighting
 - Level 3.0 Polearms
 - Level 5.0 Spellcasting
 + Level 3.6 Fire Magic


You had 14 spell levels left.
You knew the following spells:

 Your Spells              Type           Power      Damage    Failure   Level
a - Scorch                Fire           30%        2d6       5%          2

Your spell library contained the following spells:

 Spells                   Type           Power      Damage    Failure   Level
 Static Discharge         Conj/Air       4%         N/A       22%         2
 Sticky Flame             Conj/Fire      9%         2d3       56%         4
 Dispel Undead            Necr           4%         3d7       83%         4


Dungeon Overview and Level Annotations

Branches:
Dungeon (5/15)
 Temple: D:4-7

Altars:

Shops:
D:3 ?

Annotations:
D:5 Ijyb


Innate Abilities, Weirdness & Mutations

You cannot be hasted, slowed, berserked, paralysed or teleported.
You can dig through walls and to a lower floor.
You have a pair of large antennae on your head. (SInv)
Your four strong arms can wield two-handed weapons with a shield.


Message History

You climb downwards.
Ijyb shouts!
The water moccasin hisses angrily.
Found four items.
There is a stone staircase leading up here.
There are monsters nearby!
You climb upwards.
There is a stone staircase leading down here.
There is a stone staircase leading down here.
You climb downwards.
Level annotation: Ijyb The killer bee buzzes angrily. x4
The killer bee closely misses you. The killer bee stings you.
You are poisoned.
The killer bee poisons you! The killer bee stings you.
You are more poisoned.
The killer bee poisons you!
Found a stone staircase leading up and a stone staircase leading down.
There is a stone staircase leading up here.
You feel very sick. The killer bee barely misses you.
The killer bee closely misses you. The killer bee misses you.
The killer bee stings you.
You are more poisoned.
The killer bee poisons you!
You climb upwards.
You feel extremely sick.
There is a stone staircase leading down here.
You feel very sick. The killer bee barely misses you.
The killer bee closely misses you. The killer bee stings you.
You are more poisoned.
The killer bee poisons you! The killer bee stings you!
The killer bee closely misses you.
You feel very sick. The killer bee stings you!
* * * LOW HITPOINT WARNING * * *
The killer bee closely misses you. The killer bee stings you.
* * * LOW HITPOINT WARNING * * *
You are more poisoned.
The killer bee poisons you! The killer bee closely misses you.
You die...

#.# #....... #.# ##### #.######
#.# ###### #...####.##### #.#
#....####............# ..#
#...........####.###.## ###
###.##.##.....# #.......
#....#.##yyy.## #..##.##
#.#..#.##.#..# #.......
#....#..@....# ##.##.##
#....####.#.## #....#
#....####.#'## #.####
##....>......## #.#
##.######...))## #.##### ##..#
##..)....## #......
########...####.........###....##
..............'.....))..)[[.....#
######.....####.....)..[###....##


You could see 3 killer bees.

Vanquished Creatures
  Sigmund (D:3)
  Edmund (D:4)
  Blork the orc (D:4)
  An iguana (D:4)
  An orc wizard (D:4)
  Robin (D:4)
  8 gnolls
  3 adders
  An adder skeleton (D:4)
  A worm (D:3)
  4 dart slugs
  4 orcs (D:4)
  An endoplasm (D:3)
  5 giant cockroaches
  13 goblins
  4 hobgoblins
  2 jackals (D:4)
  8 kobolds
  2 quokkas
  8 ball pythons
  9 bats
  4 frilled lizards
  3 rats
86 creatures vanquished.

Vanquished Creatures (others)
  72 foxfires (D:4)
72 creatures vanquished.

Grand Total: 158 creatures vanquished

Notes
Turn   | Place    | Note
-------+----------+-------------------------------------------
     0 | D:1      | hikkokomori the Formicid Cinder Acolyte began the quest for
                  | the Orb.
     0 | D:1      | Reached XP level 1. HP: 18/18 MP: 2/2
   209 | D:1      | Reached XP level 2. HP: 17/24 MP: 2/4
   942 | D:2      | Reached skill level 4 in Fighting
   942 | D:2      | Reached XP level 3. HP: 23/30 MP: 4/6
   945 | D:2      | Learned a level 2 spell: Scorch
  1576 | D:2      | Reached XP level 4. HP: 19/37 MP: 4/7
  2120 | D:3      | Found Vynolin's Magic Scroll Boutique.
  2533 | D:3      | Noticed Sigmund
  2537 | D:3      | Killed Sigmund
  2538 | D:3      | Reached skill level 5 in Fighting
  2538 | D:3      | Reached XP level 5. HP: 33/46 MP: 0/11
  2538 | D:3      | Reached XP level 6. HP: 37/52 MP: 0/12
  2656 | D:3      | Found a faded altar of an unknown god.
  3395 | D:4      | Noticed Edmund
  3413 | D:4      | Killed Edmund
  3414 | D:4      | Reached skill level 6 in Fighting
  3414 | D:4      | Reached XP level 7. HP: 23/58 MP: 2/14
  3755 | D:4      | Reached skill level 5 in Spellcasting
  4104 | D:4      | Noticed Robin
  4108 | D:4      | Killed Robin
  4450 | D:4      | Noticed Blork the orc
  4463 | D:4      | Killed Blork the orc
  5031 | D:3      | Bought a scroll of fear for 49 gold pieces
  5031 | D:3      | Bought a scroll of fear for 49 gold pieces
  5031 | D:3      | Bought a scroll of identify for 28 gold pieces
  5105 | D:5      | Entered Level 5 of the Dungeon
  5105 | D:5      | Noticed Ijyb
  5105 | D:5      | Noticed a water moccasin
  5121 | D:4      | Succumbed to a killer bee's poison

Illustrated notes

Levels and vault maps discovered:
D:1:      minmay_arrival_arboretum_small, layout_basic
D:2:      layout_basic
D:3:      layout_loops_cross, serial_shops, nicolae_shop_hallway_stairs,
          ebering_ecumenical_altar_ruins, uniq_sigmund
D:4:      layout_loops_corners, kennysheep_generic_room_2, uniq_blork_the_orc,
          uniq_edmund, uniq_robin
D:5:      layout_cave_pools, corexii_corridor_pit, minmay_lizard_king,
          uniq_eustachio, uniq_ijyb, uniq_duvessa, uniq_prince_ribbit1

Skill      XL: |  1  2  3  4  5  6  7 |
---------------+----------------------+-----
Spellcasting   | 2 4 5 |  5.0
Fighting       | 4 5 6 |  6.8
Polearms       | |  3.0
Fire Magic     | |  3.6

Action                   |  1- 3 |  4- 6 |  7- 9 || total
-------------------------+-------+-------+-------++-------
Melee: Spear             |   107 |    48 |    80 ||   235
       Punch             |       |       |     1 ||     1
 Cast: Scorch            |     1 |    21 |    24 ||    46
Invok: Foxfire Swarm     |       |     4 |       ||     4
       Fiery Armour      |       |     2 |       ||     2
  Use: Potion            |       |     2 |       ||     2
       Scroll            |       |       |     6 ||     6
 Stab: Sleeping          |     1 |       |       ||     1
Armor: Robe              |    11 |     9 |     4 ||    24
Dodge: Dodged            |    40 |    30 |    56 ||   126
